 Dungeon Crawl Stone Soup version 0.29.1-2-gbd0b4ee654 (webtiles) character file.

Game seed: 14651247732512088324

49 Icepheonix32 the Insei (level 3, -1/23 HPs)
             Began as an Octopode Transmuter on Nov 18, 2022.
             Slain by Sigmund
             ... wielding a +2 vorpal scythe
              (9 damage)
             ... on level 2 of the Dungeon.
             The game lasted 00:01:51 (2088 turns).

Icepheonix32 the Insei (Octopode Transmuter)        Turns: 2088, Time: 00:01:51

Health: -1/23      AC:  1    Str: 11    XL:     3   Next: 75%
Magic:  5/6        EV: 13    Int: 15    God:
Gold:   85         SH:  0    Dex: 12    Spells: 5/6 levels left

rFire   . . .      SeeInvis .     - Unarmed
rCold   . . .      Faith    .   (no shield)
rNeg    . . .      Spirit   .   (helmet currently unavailable)
rPois   .          Reflect  .   (no amulet)
rElec   .          Harm     .   (no ring)
rCorr   .          Rampage  .   (no ring)
Will    .....                   (no ring)
Stlth   ++........              (no ring)
HPRegen 0.07/turn               (no ring)
MPRegen 0.10/turn               (no ring)
                                (no ring)
                                (no ring)

@: brilliant, appendages
A: tentacle spike 3, almost no armour, amphibious, 8 rings, camouflage 1,
gelatinous body 1, (nimble swimmer 1), tentacles
a: End Transformation


You were on level 2 of the Dungeon.
One of your tentacles had grown a beastly spike.
You visited 1 branch of the dungeon, and saw 2 of its levels.

You collected 85 gold pieces.

Inventory:

Missiles
 h - 6 datura-tipped darts
Scrolls
 b - a scroll of vulnerability {unknown}
 c - 2 scrolls of identify
 e - a scroll of poison {unknown}
 g - a scroll of teleportation {unknown}
Potions
 d - a potion of resistance
 i - a potion of curing


   Skills:
 - Level 1.0 Fighting
 * Level 2.4 Dodging
 + Level 3.7 Unarmed Combat
 - Level 2.0 Spellcasting
 * Level 2.8 Transmutations


You had 5 spell levels left.
You knew the following spells:

 Your Spells              Type           Power      Damage    Failure   Level
a - Beastly Appendage     Tmut           30%        N/A       7%          1

Your spell library contained the following spells:

 Spells                   Type           Power      Damage    Failure   Level
 Wereblood                Tmut           15%        N/A       11%         2
 Spider Form              Tmut/Pois      8%         N/A       36%         3
 Ice Form                 Ice/Tmut       8%         N/A       77%         4


Dungeon Overview and Level Annotations

Branches:
Dungeon (2/15)

Altars:
Ru

Annotations:
D:2 Robin, Sigmund


Innate Abilities, Weirdness & Mutations

One of your tentacles has grown a beastly spike.
You cannot wear most types of armour.
You are amphibious.
You can wear up to eight rings at the same time.
Your skin changes colour to match your surroundings (Stealth+).
Your rubbery body absorbs attacks. (AC +1, EV +1)
((You are camouflaged when in or above water. (Stealth+)))
You have tentacles for arms and can constrict up to eight enemies at once.


Message History

You barely miss the goblin. You grab the goblin.
Your tentacle spike misses the goblin.
You constrict the goblin. The goblin hits you with a +0 dagger.
It was a potion of brilliance.
You feel clever all of a sudden.
You constrict the goblin. The goblin barely misses you.
Unknown command.
Casting: Beastly Appendage (safe; 7% risk of failure)
Confirm with . or Enter, or press ? or * to list all spells.
Okay, then.
It was a potion of curing.
You feel better.
You constrict the goblin. The goblin closely misses you.
You tentacle-slap the goblin.
You kill the goblin!
You tentacle-slap the hobgoblin but do no damage.
You grab the hobgoblin. You constrict the hobgoblin.
The hobgoblin closely misses you.
You tentacle-slap the hobgoblin.
The hobgoblin is almost dead.
Your tentacle spike disappears.
You constrict the hobgoblin, but do no damage.
Something completely misses you. The hobgoblin misses you.
You tentacle-slap the hobgoblin but do no damage.
You squeeze the hobgoblin.
You kill the hobgoblin!
You barely miss Robin. Your grab misses Robin. Something hits you.
Robin hits you but does no damage.
You tentacle-slap Robin. Your grab misses Robin. You squeeze Robin.
Robin is heavily wounded.
Something hits you. Robin hits you with a +0 club.
You tentacle-slap Robin but do no damage.
Your grab misses Robin.
Robin is heavily wounded.
Robin misses you.
Casting: Beastly Appendage (safe; 7% risk of failure)
Confirm with . or Enter, or press ? or * to list all spells.
You feel a surge of power!
One of your tentacles grows a vicious spike.
Something hits you!
You die...

...####..gg
##.......g
#........#
#...{....#
#......g.#
#........#
#........#
#........######
#...?.....g@..#
#######...###.#
#.#.# # #.#.#
############.#.#
....<........#..
##...#......###
#..†..###.## #
##.#...###.....#


You could see Robin.

Vanquished Creatures
  2 dart slugs
  7 ball pythons
  3 endoplasms
  2 giant cockroaches (D:1)
  9 goblins (D:2)
  7 hobgoblins
  A bat (D:2)
  6 kobolds
  A rat (D:1)
38 creatures vanquished.

Notes
Turn   | Place    | Note
-------+----------+-------------------------------------------
     0 | D:1      | Icepheonix32 the Octopode Transmuter began the quest for
                  | the Orb.
     0 | D:1      | Reached XP level 1. HP: 13/13 MP: 3/3
   297 | D:1      | Found a faded altar of an unknown god.
   349 | D:1      | Reached XP level 2. HP: 18/18 MP: 3/5
  1334 | D:2      | Found a sacrificial altar of Ru.
  1352 | D:2      | Reached XP level 3. HP: 6/23 MP: 6/6
  2072 | D:2      | Noticed Robin
  2073 | D:2      | Noticed Sigmund
  2088 | D:2      | Slain by Sigmund

Illustrated notes

Levels and vault maps discovered:
D:1:      amcnicky_arrival_underground_garden, layout_basic,
          basic_ecumenical_altar, dreamdust_princess_bridge, minmay_misc_feat_x
D:2:      layout_basic, basic_altar, st_stairs_9, uniq_robin, uniq_sigmund

Action                   || total
-------------------------++-------
Melee: Unarmed           ||    81
       Constrict         ||    15
       Kick              ||    15
       Tentacles         ||    11
       Punch             ||     1
 Cast: Beastly Appendage ||    20
  Use: Scroll            ||     1
       Potion            ||     3
 Stab: Sleeping          ||     3
Armor: Skin              ||    11
Dodge: Dodged            ||    36
